 Dungeon Crawl Stone Soup version 0.31-a0-145-g046c7d2549 (webtiles) character file.

Game seed: 3766138523339173580

648 Ijustatesigmund the Stinger (level 7, -3/43 HPs)
             Began as an Octopode Venom Mage on June 6, 2023.
             Slain by a gnoll
             ... wielding a +0 halberd
             ... led by a gnoll bouda
              (8 damage)
             ... on level 5 of the Dungeon.
             The game lasted 00:12:11 (5152 turns).

Ijustatesigmund the Stinger (Octopode Venom Mage)   Turns: 5152, Time: 00:12:13

Health: -3/43      AC:  3    Str:  6    XL:     7   Next: 53%
Magic:  4/12       EV: 14    Int: 22    God:
Gold:   269        SH:  0    Dex: 15    Spells: 3/13 levels left

rFire   . . .        g - +2 halberd (venom)
rCold   . . .        (shield currently unavailable)
rNeg    . . .        c - +2 hat
rPois   .            (no amulet)
rElec   .            (no ring)
rCorr   .            (no ring)
SInv    +            (no ring)
Will    .....        (no ring)
Stlth   +++          (no ring)
HPRegen 0.27/turn    (no ring)
MPRegen 0.13/turn    (no ring)
                     (no ring)

%: no passive effects
@: attractive
A: almost no armour, amphibious, 8 rings, camouflage 1, gelatinous body 1,
(nimble swimmer 1), tentacles, see invisible, agile 1, clever 1, wild magic 1
a: no special abilities


You were on level 5 of the Dungeon.
You visited 1 branch of the dungeon, and saw 5 of its levels.

You collected 269 gold pieces.

Inventory:

Hand Weapons
 g - a +2 halberd of venom (weapon)
Armour
 c - a +2 hat (worn)
Scrolls
 d - 2 scrolls of teleportation
 i - 3 scrolls of immolation
 j - a scroll of identify
Potions
 a - a potion of magic
 b - a potion of mutation
 e - a potion of might
 f - 2 potions of lignification


   Skills:
 - Level 1.0 Fighting
 + Level 3.5 Dodging
 - Level 2.6 Stealth
 + Level 3.6 Spellcasting
 + Level 1.8 Conjurations
 + Level 3.5 Transmutations
 + Level 2.8 Air Magic
 + Level 5.5 Poison Magic


You had 3 spell levels left.
You knew the following spells:

 Your Spells              Type           Power      Damage    Failure   Level
a - Sting                 Tmut/Pois      100%       1d8       3%          1
b - Poisonous Vapours     Pois/Air       58%        N/A       5%          2
c - Mephitic Cloud        Conj/Pois/Air  24%        N/A       13%         3
d - Olgreb's Toxic Radia  Pois           36%        N/A       17%         4

Your spell library contained the following spells:

 Spells                   Type           Power      Damage    Failure   Level
 Hailstorm                Conj/Ice       10%        3d5       32%         3
 Ice Form                 Ice/Tmut       15%        N/A       58%         4
 Simulacrum               Ice/Necr       2%         N/A       100%        6


Dungeon Overview and Level Annotations

Branches:
Dungeon (5/15)
 Temple: D:4-7

Altars:
Dithmenos
Uskayaw
Xom


Innate Abilities, Weirdness & Mutations

You cannot wear most types of armour.
You are amphibious.
You can wear up to eight rings at the same time.
Your skin changes colour to match your surroundings (Stealth+).
Your rubbery body absorbs attacks. (AC +1, EV +1)
((You are camouflaged when in or above water. (Stealth+)))
You have tentacles for arms and can constrict up to eight enemies at once.
You have supernaturally acute eyesight. (SInv)
You are agile. (Dex +4, Str/Int -1)
Your mind is acute. (Int +4, Str/Dex -1)
Your spells are a little harder to cast, but a little more powerful.


Message History

The water moccasin bites you. The gnoll barely misses you. x3
The water moccasin bites you. The gnoll closely misses you. x2
You barely miss the gnoll. You grab the gnoll. You squeeze the gnoll.
The gnoll is moderately wounded.
You constrict the gnoll. The water moccasin barely misses you.
The gnoll misses you.
The gnoll hits you from afar with a +0 spear!
The gnoll barely misses you. The water moccasin closely misses you.
The gnoll hits you with a +0 whip! The gnoll bouda closely misses you.
Casting: Poisonous Vapours (safe; 5% risk of failure)
Confirm with . or Enter, or press ? or * to list all spells.
The spell is quite dangerous to miscast (17% risk of failure)!
Continue anyway?
You begin to radiate toxic energy.
The gnoll bouda is poisoned.
The gnoll is poisoned. x3; The gnoll looks even sicker.
You constrict the gnoll, but do no damage.
The water moccasin bites you but does no damage.
The gnoll barely misses you.
The gnoll hits you from afar with a +0 halberd!
* * * LOW HITPOINT WARNING * * *
The gnoll closely misses you.
The gnoll bouda hits you with a +0 whip!
* * * LOW HITPOINT WARNING * * *
Okay, then.
You feel better.
You kill the gnoll!
The water moccasin misses you. The gnoll barely misses you.
The gnoll hits you from afar with a +0 spear.
* * * LOW HITPOINT WARNING * * *
The gnoll bouda calls upon its god to heal the gnoll.
The gnoll is healed somewhat.
The water moccasin bites you.
* * * LOW HITPOINT WARNING * * *
Sorry, you're not good enough to have a special ability.
Unknown command.
It was a potion of attraction.
You feel attractive to monsters.
The gnoll looks even sicker.
Your toxic aura wanes.
You kill the gnoll!
The gnoll hits you from afar with a +0 halberd!
You die...

###########
#.......... ...
#>......... ...
.####..........
..?........gS......
..... #..@.).....
....(####..).g.....
.##.......###.#####
..........# .#
#........# #
##.....<.#
###.##### ... #..


You could see a water moccasin, a gnoll bouda (poisoned) and a gnoll (swift,
poisoned).

Vanquished Creatures
  Eustachio (D:4)
  An ogre (D:4)
  A black bear (D:4)
  A phantom (D:4)
  An iguana (D:5)
  2 orc wizards (D:4)
  8 gnolls
  An adder (D:2)
  2 worms (D:3)
  A dart slug (D:2)
  10 orcs
  4 endoplasms
  A giant cockroach (D:2)
  7 goblins
  12 hobgoblins
  2 jackals (D:2)
  7 quokkas
  8 ball pythons
  4 bats
  5 frilled lizards
  5 kobolds
  7 rats
91 creatures vanquished.

Notes
Turn   | Place    | Note
-------+----------+-------------------------------------------
     0 | D:1      | Ijustatesigmund the Octopode Venom Mage began the quest for
                  | the Orb.
     0 | D:1      | Reached XP level 1. HP: 11/11 MP: 3/3
   261 | D:1      | Reached XP level 2. HP: 18/18 MP: 1/5
   264 | D:1      | Learned a level 2 spell: Poisonous Vapours
   705 | D:1      | Reached skill level 1 in Fighting
   757 | D:1      | Reached skill level 4 in Poison Magic
   950 | D:1      | Reached XP level 3. HP: 23/23 MP: 1/6
  1360 | D:2      | Found a shimmering altar of Xom.
  2100 | D:2      | Reached XP level 4. HP: 23/28 MP: 3/7
  2581 | D:3      | Gained mutation: Your spells are a little harder to cast,
                  | but a little more powerful. [potion of mutation]
  2581 | D:3      | Gained mutation: Your mind is acute. (Int +4, Str/Dex -1)
                  | [potion of mutation]
  2581 | D:3      | Gained mutation: You are agile. (Dex +4, Str/Int -1)
                  | [potion of mutation]
  2581 | D:3      | Gained mutation: You have supernaturally acute eyesight.
                  | (SInv) [potion of mutation]
  2827 | D:3      | Reached skill level 1 in Air Magic
  3112 | D:3      | Reached XP level 5. HP: 13/33 MP: 1/9
  3656 | D:4      | Noticed a black bear
  3662 | D:4      | Noticed Eustachio
  3663 | D:4      | Killed a black bear
  3664 | D:4      | Reached XP level 6. HP: 31/38 MP: 1/10
  3839 | D:3      | Learned a level 3 spell: Mephitic Cloud
  3844 | D:3      | Learned a level 4 spell: Olgreb's Toxic Radiance
  3854 | D:4      | Killed Eustachio
  3855 | D:4      | Reached skill level 5 in Poison Magic
  4208 | D:4      | Reached skill level 1 in Conjurations
  4217 | D:4      | Reached XP level 7. HP: 37/43 MP: 7/12
  4598 | D:4      | Found a shadowy altar of Dithmenos.
  4971 | D:4      | Found a hide-covered altar of Uskayaw.
  5137 | D:5      | Entered Level 5 of the Dungeon
  5150 | D:5      | HP: 1/43 [gnoll bouda/+0 whip (9)]
  5152 | D:5      | Slain by a gnoll

Illustrated notes

Levels and vault maps discovered:
D:1:      minmay_arrival_three_doors, layout_basic, serial_curves,
          eino_curves_02, eino_curves_03, eino_curves_03,
          minmay_misc_feat_four_crosses
D:2:      layout_basic, basic_altar, grunt_ministairs_5, minmay_tetromino_i4
D:3:      layout_rooms, kennysheep_big_empty_room
D:4:      layout_basic, nicolae_uskayaw_suspiria,
          nicolae_dithmenos_the_darkroom, hangedman_decor_riveting,
          uniq_eustachio
D:5:      layout_rooms, lemuel_coloured_pillars_altar, dreamdust_gnoll_farm

Skill      XL: |  1  2  3  4  5  6 |
---------------+-------------------+-----
Fighting       | 1 |  1.0
Poison Magic   | 4 5 |  5.5
Transmutations | 2 3 |  3.5
Air Magic      | 1 2 |  2.8
Spellcasting   | 3 |  3.6
Dodging        | 3 |  3.5
Conjurations   | 1 |  1.8
Stealth        | |  2.6

Action                     |  1- 3 |  4- 6 |  7- 9 || total
---------------------------+-------+-------+-------++-------
  Melee: Spear             |    76 |    47 |       ||   123
         Unarmed           |     3 |       |       ||     3
         Constrict         |    15 |    18 |     2 ||    35
         Tentacles         |    12 |    17 |     3 ||    32
         Punch             |       |     2 |       ||     2
         Halberd           |       |    38 |    20 ||    58
   Cast: Sting             |    10 |     1 |       ||    11
         Poisonous Vapours |    23 |    38 |     9 ||    70
         Olgreb's Toxic Ra |       |     1 |     2 ||     3
    Use: Scroll            |     5 |     3 |       ||     8
         Potion            |       |     3 |     2 ||     5
   Stab: Sleeping          |     3 |     1 |     1 ||     5
         Distracted        |       |     1 |       ||     1
 Armour: Skin              |     5 |    12 |     2 ||    19
  Dodge: Dodged            |    32 |    38 |    26 ||    96

Table legend: (Time is in decaauts)
 A = Elapsed time spent in this place.
 B = Non-inter-level travel time spent in this place.
 C = Inter-level travel time spent in this place.
 D = Time resting spent in this place.
 E = Time spent auto-exploring this place.
 F = Levels seen in this place.
 G = Mean time per level.
                   A        B        C        D        E       F      G
               +--------+--------+--------+--------+--------+-----+--------+
         Total |   5195 |   5042 |    153 |   1582 |   2767 |   5 | 1039.0 |
       Dungeon |   5195 |   5042 |    153 |   1582 |   2767 |   5 | 1039.0 |
               +--------+--------+--------+--------+--------+-----+--------+

Top non-repeatable levels by time:
     D:2: 1643 daAuts
     D:4: 1350 daAuts
     D:1: 1160 daAuts
     D:3: 1024 daAuts
     D:5: 16 daAuts
